AoeStats
← eddieredbull

Black Forest

507890431Analyzed
3v3 RM · 12d ago on Sep 20, 2026· 67m 0s· 6 players
Game mode
Random Map
Map size
Normal (6 player)
Population
200
Speed
Normal
Resources
Standard
Victory
Conquest
Starting age
Dark Age
Ending age
Imperial Age
RankedLock teamsTeams togetherTeam positionsShared explorationLock speedFull tech treeHidden civsTurbo modeCheats
Victory
Defeat
🇺🇸 Portuguese · United States
719
+14
🇧🇷 Khmer · Brazil
702
+15
🇵🇪 Persians · Peru
646
+17
🇺🇸 Mongols · United States
683
-16
🇺🇸 Britons · United States
671
-15
🇺🇸 Franks · United States
657
-15
eddieredbull
16:40 Feudal Age
19:29 Wheelbarrow
20:36 Double-Bit Axe
20:37 Horse Collar
24:06 Stone Mining
27:09 Padded Archer Armor
27:00 Fletching
29:15 Castle Age
28:37 Gold Mining
31:03 Gold Shaft Mining
30:42 Bow Saw
31:01 Leather Archer Armor
30:42 Bodkin Arrow
30:53 Heavy Plow
32:10 Hand Cart
35:18 Crossbowman
37:28 Yeomen
39:12 Ballistics
39:14 Masonry
40:38 Murder Holes
40:50 Murder Holes
40:56 Treadmill Crane
41:05 Pikeman
41:48 Squires
41:37 Arson
44:43 Imperial Age
43:45 Caravan
bryan3020505
2:04 Loom
13:35 Feudal Age
17:17 Double-Bit Axe
18:05 Town Watch
22:17 Castle Age
24:26 Squires
26:03 Town Patrol
26:38 Pikeman
30:40 Wheelbarrow
30:31 Bow Saw
30:28 Caravan
31:45 Forging
31:40 Scale Mail Armor
32:20 Hand Cart
36:19 Stone Mining
37:19 Gold Mining
39:55 Gold Shaft Mining
41:12 Iron Casting
40:53 Chain Mail Armor
42:27 Coinage
45:44 Imperial Age
48:00 Halberdier
54:33 Hoardings
56:57 Conscription
58:30 Elite Throwing Axeman
61:08 Blast Furnace
60:39 Plate Mail Armor
Deathgodxz
1:51 Loom
14:09 Feudal Age
15:58 Double-Bit Axe
16:31 Horse Collar
19:31 Castle Age
21:04 Wheelbarrow
22:10 Bow Saw
29:02 Town Watch
29:32 Hand Cart
30:34 Thumb Ring
32:59 Ballistics
32:34 Fletching
32:45 Padded Archer Armor
34:00 Town Patrol
35:36 Nomads
38:44 Imperial Age
36:59 Masonry
39:14 Leather Archer Armor
38:55 Bodkin Arrow
39:31 Onager
42:23 Heavy Plow
42:56 Drill
42:32 Elite Mangudai
42:48 Light Cavalry
43:39 Bloodlines
45:09 Chemistry
44:23 Fortified Wall
45:11 Conscription
44:38 Hussar
45:20 Husbandry
45:35 Gold Mining
46:19 Caravan
46:58 Heavy Camel Rider
49:13 Siege Onager
53:25 Capped Ram
55:26 Siege Ram
RadCargo6254
0:40 Loom
12:34 Feudal Age
13:44 Double-Bit Axe
16:22 Fletching
18:59 Bloodlines
18:45 Horse Collar
22:50 Wheelbarrow
25:45 Forging
25:42 Scale Barding Armor
28:37 Castle Age
26:37 Gold Mining
29:48 Caravan
30:38 Iron Casting
31:33 Heavy Plow
31:47 Bow Saw
32:57 Treadmill Crane
33:13 Murder Holes
34:36 Fortified Wall
35:07 Husbandry
39:02 Hand Cart
38:34 Town Watch
41:21 Coinage
40:48 Bodkin Arrow
42:27 Stone Mining
43:03 Ballistics
42:54 Masonry
44:37 Chain Barding Armor
47:08 Imperial Age
47:15 Cavalier
49:00 Blast Furnace
48:36 Plate Barding Armor
50:51 Circumnavigation
53:00 Bracer
56:45 Chemistry
cabezadevaca
3:09 Loom
11:24 Feudal Age
13:29 Double-Bit Axe
13:37 Stone Mining
16:24 Wheelbarrow
15:50 Horse Collar
20:16 Castle Age
22:04 Hand Cart
22:17 Bow Saw
22:29 Heavy Plow
22:30 Gold Mining
29:13 Fortified Wall
29:33 Caravan
31:00 Town Watch
32:12 Gold Shaft Mining
34:39 Imperial Age
33:20 Stone Shaft Mining
33:13 Ballistics
32:51 Murder Holes
32:36 Pikeman
34:52 Tusk Swords
36:41 Chemistry
37:10 Conscription
37:11 Elite Skirmisher
39:29 Crop Rotation
40:38 Hoardings
40:43 Elite Ballista Elephant
61:29 Double Crossbow
63:10 Elite Battle Elephant
65:53 Forging
65:43 Scale Mail Armor
65:48 Scale Barding Armor
66:19 Town Patrol
67:00 Bloodlines
66:53 Husbandry
musoq
1:18 Loom
12:58 Feudal Age
14:33 Feudal Age
19:39 Castle Age
17:51 Horse Collar
22:24 Heavy Plow
28:20 Double-Bit Axe
29:59 Wheelbarrow
31:27 Hand Cart
34:39 Imperial Age
33:20 Caravan
34:22 Bow Saw
35:20 Forging
35:10 Scale Mail Armor
35:11 Padded Archer Armor
35:01 Fletching
38:03 Chemistry
37:24 Ballistics
36:55 Heated Shot
37:46 Iron Casting
37:28 Chain Mail Armor
37:28 Leather Archer Armor
37:50 Coinage
38:36 Town Watch
39:56 Blast Furnace
38:52 Bodkin Arrow
40:07 Plate Mail Armor
39:52 Masonry
40:09 Town Patrol
40:42 Crop Rotation
41:16 Two-Man Saw
39:48 Elite War Elephant
43:30 Ring Archer Armor
44:16 Heavy Camel Rider
53:58 Scale Barding Armor
53:58 Devotion
54:36 Architecture
54:02 Murder Holes
57:53 Gold Mining
59:57 Pikeman
Connection lost

Rejoining the realm…

Still unreachable

The connection could not be restored.

Session expired

The server has moved on; the page needs a fresh start.